 Dungeon Crawl Stone Soup version 0.19-a0-1091-g463c9de (webtiles) character file.

142 aronpayne the Shield-Bearer (level 5, 0/42 HPs)
             Began as a Formicid Fighter on Aug 7, 2016.
             Slain by a gnoll
             ... wielding a +0 spear
              (1 damage)
             ... on level 2 of the Dungeon.
             The game lasted 00:04:25 (1253 turns).

aronpayne the Shield-Bearer (Formicid Fighter)      Turns: 1253, Time: 00:04:26

Health: 0/42       AC:  7    Str: 22    XL:     5   Next: 49%
Magic:  5/5        EV:  6    Int:  7    God:
Gold:   82         SH: 14    Dex: 10    Spells: 0 memorised, 4 levels left

rFire  . . .     SeeInvis +     l - +4 club
rCold  . . .     Gourm    .     b - +0 scale mail
rNeg   . . .     Faith    .     e - +0 large shield
rPois  .         Spirit   .     (helmet unavailable)
rElec  .         Dismiss  .     (no cloak)
rCorr  .         Reflect  .     (no gloves)
SustAt .         Harm     .     (no boots)
MR     .....                    (no amulet)
Stlth  ..........               (no ring)
                                (no ring)

@:
A: permanent stasis, dig shafts and tunnels, four strong arms, antennae 3
a: Dig, Shaft Self


You were on level 2 of the Dungeon.
You were not hungry.

You visited 1 branch of the dungeon, and saw 2 of its levels.

You collected 82 gold pieces.

Inventory:

Hand Weapons
 a - a +0 flail
 l - a +4 club (weapon)
Armour
 b - a +0 scale mail (worn)
 e - a +0 large shield (worn)
Scrolls
 d - a scroll of teleportation {unknown}
 i - a scroll of identify {unknown}
 k - a scroll of remove curse {unknown}
 n - a scroll of enchant armour {unknown}
Potions
 c - a potion of agility {unknown}
 g - a potion of ambrosia {unknown}
 h - a potion of mutation {unknown}
 j - a potion of curing {unknown}
Comestibles
 f - 2 bread rations
 m - 5 chunks of flesh


   Skills:
 * Level 4.1 Fighting
 + Level 2.8 Maces & Flails
 + Level 4.0 Armour
 + Level 1.0 Dodging
 + Level 2.1 Stealth
 + Level 4.3 Shields


You had 4 spell levels left.
You didn't know any spells.

Dungeon Overview and Level Annotations

Branches:
Dungeon (2/15)

Altars:


Innate Abilities, Weirdness & Mutations

You are under a permanent stasis effect.
You can dig through walls and to a lower floor.
Your four strong arms can wield two-handed weapons with a shield.
You have a pair of large antennae on your head. (SInv)


Message History

You hit the gnoll.
The gnoll is moderately wounded.
The gnoll hits you from afar with a spear.
* * * LOW HITPOINT WARNING * * *
You block the gnoll's attack.
You closely miss the gnoll.
The gnoll is moderately wounded.
The gnoll hits you but does no damage. The gnoll hits you with a club.
* * * LOW HITPOINT WARNING * * *
You block the gnoll's attack.
You sock the gnoll!
The gnoll is almost dead.
You block the gnoll's attack.
The gnoll hits you from afar with a spear.
* * * LOW HITPOINT WARNING * * *
You hit the gnoll.
The gnoll is almost dead.
The gnoll hits you but does no damage.
The gnoll hits you from afar with a spear.
You die...

### #+#
#.# #.#
######.###
#........#
#.##...#.#
+........#
#
#........#
#####.####
#@# #g#
#g# #.#
#.# #.#
#.# ..#


You could see 2 gnolls.

Vanquished Creatures
  Jessica (D:2)
  Terence (D:2)
  Ijyb (D:2)
  2 gnolls (D:2)
  2 adders (D:2)
  An ooze (D:1)
  A giant gecko (D:2)
  4 bats
  3 giant cockroaches
  4 goblins
  A hobgoblin (D:1)
  2 kobolds
  6 rats (D:1)
29 creatures vanquished.

Notes
Turn   | Place    | Note
-------+----------+-------------------------------------------
     0 | D:1      | aronpayne the Formicid Fighter began the quest for the Orb.
     0 | D:1      | Reached XP level 1. HP: 18/18 MP: 1/1
    64 | D:1      | Reached XP level 2. HP: 24/24 MP: 2/2
   469 | D:1      | Reached XP level 3. HP: 27/29 MP: 3/3
   500 | D:1      | Reached skill level 1 in Stealth
   571 | D:2      | Noticed Terence
   584 | D:2      | Killed Terence
   739 | D:2      | Reached XP level 4. HP: 35/35 MP: 4/4
   829 | D:2      | Noticed Jessica
   838 | D:2      | Killed Jessica
  1003 | D:2      | Noticed Ijyb
  1009 | D:2      | Killed Ijyb
  1009 | D:2      | Reached skill level 1 in Dodging
  1009 | D:2      | Reached XP level 5. HP: 38/42 MP: 5/5
  1251 | D:2      | HP: 2/42 [gnoll/club (5)]
  1253 | D:2      | Slain by a gnoll

Vault maps used:
D:1:      lemuel_arrival_room
D:2:      hangedman_decor_clover_reticule, uniq_iyjb, uniq_jessica, uniq_terence

Skill      XL: |  1  2  3  4  5 |
---------------+----------------+-----
Shields        | 4 |  4.3
Stealth        | 1 2 |  2.1
Dodging        | 1 |  1.0
Fighting       | 4 |  4.1
Armour         | 4 |  4.0
Maces & Flails | |  2.8

Action                   |  1- 3 |  4- 6 || total
-------------------------+-------+-------++-------
Melee: Flail             |    59 |    19 ||    78
       Club              |       |    31 ||    31
  Use: Potion            |     1 |       ||     1
  Eat: Chunk             |       |     1 ||     1
Armor: Scale mail        |    20 |    10 ||    30
Dodge: Dodged            |    12 |    13 ||    25
Block: Shield            |     9 |       ||     9
       Large shield      |    38 |    39 ||    77
